 Dungeon Crawl Stone Soup version 0.31-a0-854-g362426d53f (webtiles) character file.

Game seed: 9231894895103351723

1823589 Hi5aMiFi the Worldbinder (level 27, 157/157 HPs)
             Began as a Gargoyle Earth Elementalist on Oct 9, 2023.
             Was an Elder of Ashenzari.
             Escaped with the Orb
             ... and 4 runes on Oct 11, 2023!
             The game lasted 14:34:34 (111104 turns).

Hi5aMiFi the Worldbinder (GrEE)                   Turns: 111104, Time: 14:34:35

Health: 157/157    AC: 38    Str: 21    XL:     27
Magic:  44/53      EV: 15    Int: 29    God:    Ashenzari [****..]
Gold:   4278       SH: 19    Dex: 13    Spells: 1/60 levels left

rFire   + . .        v - +7 spear of Ivewk {flame, Str+4 Int+5}
rCold   + + +        S - +3 kite shield "Share My the Doldrums" {reflect, Elem, Dev} (curse)
rNeg    + + .        u - +2 ring mail of Supernal Knowledge {rC++ Dex+5 Stlth-, Melee, Fort} (curse)
rPois   ∞            Y - +0 mask of the Dragon {Will+ Slay+3 SInv, Comp, Self} (curse)
rElec   +            w - +2 cloak "Secrets of Ashenzari" {Bglg, Self} (curse)
rCorr   +            a - +2 pair of gloves of Star-Bound Wisdom {Stlth+, Range, Self} (curse)
SInv    +            (no boots)
Will    +++..        b - amulet of the Bound Stars {RegenMP +Blink Regen+ Int-4 Dex-2, Elem, Melee} (curse)
Stlth   +            p - ring of the Visionary Secrets {MP+9, Fort, Alch} (curse)
HPRegen 1.26/turn    G - ring "Poiluz" {rF+ rN+ rCorr Str+5 Stlth-}
MPRegen 0.73/turn

%: reflection, clarity
@: flying, hasted, studying 4 skills, very quick
A: sickness immunity, AC +20, big wings, negative energy resistance 1,
electricity resistance, torment resistance 1, petrification resistance, clarity,
cold resistance 1, weak 1, subdued magic 1
0: Orb of Zot
}: 4/15 runes: decaying, serpentine, slimy, silver
a: Renounce Religion, Evoke Blink, Curse Item, Shatter the Chains


You escaped.
You worshipped Ashenzari.
Ashenzari was greatly pleased with you.
You visited 11 branches of the dungeon, and saw 55 of its levels.
You also visited: Ice Cave and Desolation.

You collected 10535 gold pieces.
You spent 6257 gold pieces at shops.

Inventory:

Hand Weapons
 m - the +10 trident of the Foot {pain, Dex+3}
   (You found it on level 11 of the Dungeon)

   Dex+3:     It affects your dexterity (+3).
 v - the +7 spear of Ivewk (weapon) {flame, Str+4 Int+5}
   (You bought it in a shop on level 1 of the Orcish Mines)

   Str+4:     It affects your strength (+4).
   Int+5:     It affects your intelligence (+5).
Missiles
 K - 10 curare-tipped darts
 L - 2 darts of dispersal (quivered)
Armour
 a - the cursed +2 pair of gloves of Star-Bound Wisdom (worn) {Stlth+, Range, Self}
   (You found it in an ice cave)

   It has a curse which improves the following skills: Ranged Combat: Ranged
   Weapons and Throwing.
   Introspection: Fighting and Spellcasting.
 f - the +7 faerie dragon scales {rPois Will+ rCorr Dex+2}
   (You took it off the Enchantress on level 3 of the Depths)

   Dex+2:     It affects your dexterity (+2).
   rPois:     It protects you from poison Will+: It increases your willpower.
   rCorr:     It protects you from acid and corrosion.
 u - the cursed +2 ring mail of Supernal Knowledge (worn) {rC++ Dex+5 Stlth-, Melee, Fort}
   (You found it on level 2 of the Vaults)

   Dex+5:     It affects your dexterity (+5).
   rC++:      It greatly protects you from cold.
   Stlth-:    It makes you less stealthy.
   It has a curse which improves the following skills: Melee Combat: Short
   Blades, Long Blades, Axes, Maces & Flails, Polearms, Staves and Unarmed
   Combat.
   Fortitude: Armour and Shields.
 w - the cursed +2 cloak "Secrets of Ashenzari" (worn) {Bglg, Self}
   (You took it off Crazy Yiuf on level 6 of the Dungeon)

   It has a curse which improves the following skills: Beguiling: Conjurations,
   Hexes and Translocations.
   Introspection: Fighting and Spellcasting.
 S - the cursed +3 kite shield "Share My the Doldrums" (worn) {reflect, Elem, Dev}
   (You took it off Donald on level 3 of the Snake Pit)

   It has a curse which improves the following skills: Elements: Fire Magic, Ice
   Magic, Air Magic and Earth Magic.
   Devices:   Evocations and Shapeshifting.
 Y - the cursed +0 mask of the Dragon (worn) {Will+ Slay+3 SInv, Comp, Self}
   (You found it on level 5 of the Vaults)

   Slay+3:    It affects your accuracy & damage with ranged weapons and melee
   (+3).
   Will+:     It increases your willpower.
   SInv:      It lets you see invisible.
   It has a curse which improves the following skills: Companions: Summonings
   and Necromancy.
   Introspection: Fighting and Spellcasting.
Jewellery
 b - the cursed amulet of the Bound Stars (around neck) {RegenMP +Blink Regen+ Int-4 Dex-2, Elem, Melee}
   (You found it in the Desolation of Salt)

   [amulet of magic regeneration]

   RegenMP:   It increases your rate of magic regeneration.
   Int-4:     It affects your intelligence (-4).
   Dex-2:     It affects your dexterity (-2).
   +Blink:    It lets you blink.
   Regen+:    It increases your rate of health regeneration.
   It has a curse which improves the following skills: Elements: Fire Magic, Ice
   Magic, Air Magic and Earth Magic.
   Melee Combat: Short Blades, Long Blades, Axes, Maces & Flails, Polearms,
   Staves and Unarmed Combat.
 e - the ring of Sukee {rPois Will+ Dex+6 Stlth+}
   (You found it on level 2 of the Elven Halls)

   [ring of dexterity]

   Dex+6:     It affects your dexterity (+6).
   rPois:     It protects you from poison Will+: It increases your willpower.
   Stlth+:    It makes you more stealthy.
 p - the cursed ring of the Visionary Secrets (left hand) {MP+9, Fort, Alch}
   (You found it on level 4 of the Dungeon)

   [ring of magical power]

   MP+9:      It affects your magic capacity (+9).
   It has a curse which improves the following skills: Fortitude: Armour and
   Shields.
   Alchemy:   Poison Magic and Transmutations.
 s - a ring of fire
 x - the ring of Xukk {rC+ rCorr Str+3 Dex+3 Slay-4}
   (You found it on level 2 of the Elven Halls)

   [ring of resist corrosion]

   Str+3:     It affects your strength (+3).
   Dex+3:     It affects your dexterity (+3).
   Slay-4:    It affects your accuracy & damage with ranged weapons and melee
   (-4).
   rC+:       It protects you from cold.
   rCorr:     It protects you from acid and corrosion.
 y - a ring of protection from fire
 D - the ring "Nyar" {rElec rPois rN++ rCorr Dex-2}
   (You found it on level 3 of the Crypt)

   [ring of resist corrosion]

   Dex-2:     It affects your dexterity (-2).
   rElec:     It insulates you from electricity.
   rPois:     It protects you from poison rN++: It greatly protects you from
   negative energy.
   rCorr:     It protects you from acid and corrosion.
 G - the ring "Poiluz" (right hand) {rF+ rN+ rCorr Str+5 Stlth-}
   (You found it on level 4 of the Vaults)

   [ring of positive energy]

   Str+5:     It affects your strength (+5).
   rF+:       It protects you from fire.
   rN+:       It protects you from negative energy.
   rCorr:     It protects you from acid and corrosion.
   Stlth-:    It makes you less stealthy.
Wands
 l - a wand of iceblast (39)
 E - a wand of quicksilver (11)
 F - a wand of mindburst (16)
 O - a wand of paralysis (46)
 W - a wand of digging (3)
Scrolls
 c - 2 scrolls of silence
 d - 13 scrolls of teleportation
 z - a scroll of amnesia
 A - 5 scrolls of fear
 B - 13 scrolls of fog
 C - 6 scrolls of vulnerability
 J - 3 scrolls of revelation
 P - 8 scrolls of immolation
 Q - 2 scrolls of torment
 T - 4 scrolls of poison
Potions
 g - a potion of haste
 i - 4 potions of lignification
 j - 5 potions of curing
 k - 3 potions of enlightenment
 o - 11 potions of attraction
 t - 7 potions of berserk rage
 I - a potion of cancellation
 M - 2 potions of invisibility
 U - a potion of might
 V - a potion of mutation
Miscellaneous
 r - a condenser vane
 H - a phantom mirror (inert)
 R - a phial of floods
 X - a box of beasts (inert)


   Skills:
 - Level 8.4(12.0) Fighting
 - Level 12.2(14.8) Polearms
 - Level 0.4(1.1) Throwing
 - Level 12.2(14.8) Armour
 - Level 10.1 Dodging
 - Level 3.5 Stealth
 - Level 19.4(21.8) Shields
 - Level 13.5(17.1) Spellcasting
 - Level 20.0(21.5) Conjurations
 + Level 25.5(27) Summonings
 - Level 9.9(11.7) Necromancy
 - Level 3.5(5.1) Translocations
 - Level 1.2(2.4) Transmutations
 - Level 17.9(20.4) Fire Magic
 - Level 10.2(12.9) Ice Magic
 - Level 5.1(7.7) Air Magic
 - Level 6.4(9.1) Earth Magic
 - Level 1.9(3.3) Poison Magic
 - Level 5.0(6.7) Evocations


You had one spell level left.
You knew the following spells:

 Your Spells              Type           Power      Damage    Failure   Level
a - Sandblast             Erth           100%       2d20      1%          1
b - Passwall              Tmut/Erth      37%        N/A       1%          2
c - Dragon's Call         Summ           48%        N/A       3%          9
d - Ignition              Fire           41%        3d12      3%          8
e - Mephitic Cloud        Conj/Pois/Air  61%        N/A       1%          3
g - Haunt                 Necr/Summ      40%        N/A       1%          7
h - Swiftness             Air            52%        N/A       1%          3
i - Spellforged Servitor  Conj/Summ      45%        N/A       1%          7
j - Orb of Destruction    Conj           43%        9d12      1%          7
l - Borgnjor's Vile Clut  Necr/Erth      30%        N/A       1%          5
m - Lee's Rapid Deconstr  Erth           28%        3d15*     1%          5
n - Blink                 Tloc           84%        N/A       1%          2

Your spell library contained the following spells:

 Spells                   Type           Power      Damage    Failure   Level
 Foxfire                  Conj/Fire      100%       2x1d9     0%          1
 Freeze                   Ice            100%       1d10      0%          1
 Kiss of Death            Conj/Necr      100%       2d13      0%          1
 Magic Dart               Conj           100%       1d8       0%          1
 Necrotise                Necr           100%       1d9       0%          1
 Shock                    Conj/Air       100%       1d9       0%          1
 Summon Small Mammal      Summ           100%       N/A       0%          1
 Apportation              Tloc           84%        N/A       1%          1
 Slow                     Hex            80%        N/A       1%          1
 Sting                    Tmut/Pois      100%       1d8       1%          1
 Scorch                   Fire           100%       2d9       0%          2
 Searing Ray              Conj           100%       2d8       0%          2
 Call Canine Familiar     Summ           96%        N/A       0%          3
 Hailstorm                Conj/Ice       77%        3d16      0%          3
 Stone Arrow              Conj/Erth      100%       3d13      0%          3
 Summon Guardian Golem    Hex/Summ       68%        N/A       0%          3
 Animate Armour           Summ/Erth      100%       N/A       0%          4
 Flame Wave               Conj/Fire      85%        2d18      0%          4
 Sticky Flame             Conj/Fire      85%        2d10      0%          4
 Summon Ice Beast         Ice/Summ       83%        N/A       0%          4
 Summon Lightning Spire   Summ/Air       77%        N/A       0%          4
 Fireball                 Conj/Fire      42%        3d17      0%          5
 Iskenderun's Battlesphe  Conj           86%        2d13      0%          5
 Summon Cactus Giant      Summ           48%        N/A       0%          6
 Ensorcelled Hibernation  Hex/Ice        96%        N/A       1%          2
 Lesser Beckoning         Tloc           84%        N/A       1%          2
 Poisonous Vapours        Pois/Air       86%        N/A       1%          2
 Dazzling Flash           Conj/Hex       100%       N/A       1%          3
 Frozen Ramparts          Ice            100%       1d16      1%          3
 Gell's Gravitas          Tloc           42%        N/A       1%          3
 Ignite Poison            Fire/Tmut/Pois 55%        N/A       1%          3
 Inner Flame              Hex/Fire       60%        N/A       1%          3
 Teleport Other           Tloc           42%        N/A       1%          3
 Volatile Blastmotes      Fire/Tloc      100%       2d18      1%          3
 Airstrike                Air            26%        2d(4-20)  1%          4
 Anguish                  Hex/Necr       22%        N/A       1%          4
 Animate Dead             Necr           64%        N/A       1%          4
 Brom's Barrelling Bould  Conj/Erth      73%        2d9       1%          4
 Dispel Undead            Necr           64%        3d22      1%          4
 Fulminant Prism          Conj/Hex       30%        3d16      1%          4
 Iskenderun's Mystic Bla  Conj/Tloc      68%        2d14      1%          4
 Petrify                  Tmut/Erth      45%        N/A       1%          4
 Vhi's Electric Charge    Tloc/Air       94%        N/A       1%          4
 Freezing Cloud           Conj/Ice/Air   34%        6-21      1%          5
 Summon Forest            Summ/Tloc      37%        N/A       1%          5
 Summon Mana Viper        Hex/Summ       68%        N/A       1%          5
 Conjure Ball Lightning   Conj/Air       35%        3x3d11    1%          6
 Plasma Beam              Fire/Air       34%        2x1d47    1%          6
 Starburst                Conj/Fire      42%        6d12      1%          6
 Monstrous Menagerie      Summ           48%        N/A       1%          7
 Manifold Assault         Tloc           42%        N/A       2%          4
 Passage of Golubria      Tloc           42%        N/A       2%          4
 Death Channel            Necr           32%        N/A       2%          6
 Simulacrum               Ice/Necr       32%        N/A       2%          6
 Jinxbite                 Hex            40%        N/A       3%          2
 Leda's Liquefaction      Hex/Erth       20%        N/A       3%          4
 Olgreb's Toxic Radiance  Pois           33%        N/A       6%          4
 Confusing Touch          Hex            20%        N/A       7%          3
 Sigil of Binding         Hex            20%        N/A       7%          3
 Tukima's Dance           Hex            20%        N/A       7%          3
 Dimensional Bullseye     Hex/Tloc       15%        N/A       8%          4
 Ozocubu's Refrigeration  Ice            33%        4d14      11%         7
 Alistair's Intoxication  Tmut/Pois      20%        N/A       22%         5
 Cause Fear               Hex            10%        N/A       24%         4
 Lehudib's Crystal Spear  Conj/Erth      36%        10d9      32%         8
 Yara's Violent Unravell  Hex/Tmut       12%        3d7       38%         5
 Eringya's Noxious Bog    Tmut/Pois      15%        4d6       78%         6
 Infestation              Necr           32%        N/A       82%         8
 Enfeeble                 Hex            10%        N/A       100%        7
 Discord                  Hex            10%        N/A       100%        8
 Disjunction              Tloc           21%        N/A       100%        8
 Maxwell's Capacitive Co  Air            26%        ∞         100%        8
 Chain Lightning          Conj/Air       35%        3d47      100%        9
 Cigotuvi's Dreadful Rot  Necr/Pois/Air  Unusable   N/A       N/A         2

Dungeon Overview and Level Annotations

Branches:
Dungeon (15/15)            Temple (0/1) D:7            Lair (5/5) D:8
  Swamp (4/4) Lair:2        Snake (4/4) Lair:3        Slime (5/5) Lair:5
    Orc (2/2) D:9             Elf (3/3) Orc:2        Vaults (5/5) D:13
  Crypt (3/3) Vaults:3       Tomb (0/3) Crypt:3      Depths (4/4) D:15
    Zot (5/5) Depths:4      IceCv (visited)         Desolation (visited)

Altars:
Ashenzari
Dithmenos
Elyvilon
Gozag
Hepliaklqana
Kikubaaqudgha
Nemelex Xobeh
Okawaru
Qazlal
Ru
Sif Muna
Trog
Vehumet
Wu Jian
Xom
Yredelemnul
The Shining One
Jiyva

Shops:
D:8 ?   D:12 (   D:13 :   Orc:1 (   Orc:2 :[*[   Snake:2 [   Snake:4 [

Portals:
Hell: Depths:1 Depths:2 Depths:3 Depths:4
Abyss: Depths:1 Depths:3
Pandemonium: Depths:2
Ziggurat: Depths:2

Annotations:
Crypt:1 2 transporters, exclusion: obsidian statue
Crypt:2 2 transporters


Innate Abilities, Weirdness & Mutations

You are immune to sickness and miasma.
Your stone body is resilient. (AC +20)
You are immune to poison.
Your large and strong wings let you fly.
You resist negative energy. (rN+)
You are resistant to electric shocks. (rElec)
You are resistant to unholy torment.
You are immune to petrification.
You possess an exceptional clarity of mind.
Your flesh is cold resistant. (rC+)
You are weak. (Str -2)
Your spells are a little easier to cast, but a little less powerful.


Message History

Aiming: Dig
Press: ? - help, Shift-Dir - straight line A rock wall.
This square is covered in magical glow.
The rock shatters into small pieces.
Your extra speed is starting to run out.
There is a stone staircase leading up here.
You fly upwards.
There is a stone staircase leading down here.
Casting: Spellforged Servitor (mildly dangerous; 1% risk of failure)
Confirm with . or Enter, or press ? or * to list all spells.
You summon a servant imbued with your destructive magic!
You feel yourself slow down.
You swap places.
Aiming: Dig
Press: ? - help, Shift-Dir - straight line A rock wall.
This square is covered in magical glow.
The rock shatters into small pieces.
Your spellforged servitor disappears in a puff of smoke!
Unknown command.
Unknown command.
You feel yourself speed up.
An orange demon comes into view.
Casting: Spellforged Servitor (mildly dangerous; 1% risk of failure)
Confirm with . or Enter, or press ? or * to list all spells.
Aiming: Orb of Destruction (mildly dangerous; 1% risk of failure)
Press: ? - help, Shift-Dir - straight line, f - orange demon
Aim: an orange demon
Casting: Orb of Destruction (mildly dangerous; 1% risk of failure)
Confirm with . or Enter, or press ? or * to list all spells.
Aiming: Orb of Destruction (mildly dangerous; 1% risk of failure)
Press: ? - help, Shift-Dir - straight line, f/p - orange demon
Aim: an orange demon (ally target)
The orb of destruction hits the orange demon!!!
You blow up the orange demon!
Your orb of destruction hits a rock wall.
There is a fountain of clear blue water here.
There is a staircase leading out of the dungeon here.
You have escaped!

##.#...# #.# #.# #.#
##.##...# #.# ##.#### #.#
#.##....# #.###.....# #.#
##.#...## #.##......# #.#
##....#
####'###########.# ##...#
#...# #.....# #...# #...#
####### #...# ###...####*
#.#.# #@.°....#.##
#.#.####.......##.##
#.#.#..............######
#.#.'......⌠......+.....#
#.###.............##.##.#
#...####.......######.#.#
#.### #.......# ##..# #.#
###...### ##.# #.###
#...# #..


There were no monsters in sight!

Vanquished Creatures
  the Royal Jelly (Slime:5)
  Dissolution (Slime:5)
  A dread lich (Vaults:2)
  An ancient lich (Zot:5)
  2 orbs of fire
  Boris (Depths:3)
  4 Killer Klowns
  2 golden dragons
  A caustic shrike (Depths:2)
  A curse toe (Zot:2)
  the Enchantress (Depths:3)
  9 tentacled monstrosities
  Jorgrun (Snake:2)
  Rupert (D:15)
  9 Orb Guardians (Zot:5)
  5 liches
  A deep elf blademaster (Elf:3)
  2 deep elf master archers (Elf:3)
  4 titans (Vaults:5)
  13 acid blobs
  A sphinx (Vaults:5)
  3 quicksilver dragons
  Asterion (Vaults:1)
  2 death cobs
  Agnes (Snake:3)
  An Executioner (Depths:1)
  A thorn hunter (Swamp:4)
  An ancient champion (Crypt:1)
  Donald (Snake:3)
  Aizul (Vaults:4)
  2 shadow dragons (Zot:2)
  A revenant (Crypt:2)
  9 azure jellies
  7 storm dragons
  7 draconian monks
  5 draconian knights
  A fenstrider witch (shapeshifter) (Elf:2)
  A tengu reaver (Vaults:5)
  A fenstrider witch (Swamp:4)
  4 nagarajas (Snake:4)
  4 rockslimes
  8 fire giants
  4 iron dragons
  16 vault wardens
  A ghost moth (Zot:3)
  3 imperial myrmidons (Desolation)
  5 draconian scorchers
  3 deep elf sorcerers
  A deep elf elementalist (Elf:3)
  2 curse skulls
  Louise (Elf:3)
  7 frost giants
  4 draconian stormcallers
  2 draconian annihilators
  3 reapers (Crypt:3)
  2 orc warlords
  6 draconian shifters
  3 spriggan defenders (Depths:3)
  10 stone giants
  7 quicksilver oozes
  A war gargoyle (Vaults:1)
  14 very ugly things
  6 ghouls
  17 ironbound preservers
  Nessos (D:14)
  A deep elf demonologist (Elf:3)
  8 black draconians
  2 formless jellyfish
  3 deep elf annihilators
  A lorocyproca (Zot:5)
  11 ironbound thunderhulks
  A halazid warlock (Desolation)
  4 vampire knights
  2 eleionomae (Swamp:3)
  9 purple draconians
  Azrael (Orc:2)
  A spark wasp (Depths:2)
  7 bunyips
  2 yellow draconians
  3 green draconians
  10 white draconians
  19 dire elephants
  3 red draconians
  A minotaur (shapeshifter) (Vaults:5)
  4 ettins
  7 deep elf death magi
  4 ragged hierophants (Desolation)
  2 fire dragons
  4 jiangshi
  5 eidola
  An entropy weaver (Vaults:2)
  10 yaktaur captains
  A crystal guardian (Desolation)
  4 deep elf high priests
  A mummy priest (Crypt:3)
  A shambling mangrove (Swamp:4)
  4 servants of whispers (Desolation)
  An ice dragon (shapeshifter) (Elf:2)
  22 vault guards
  The ghost of Fodor the Basher, a journeyman MiFi of Gozag (D:11)
  6 salamander tyrants (Snake:4)
  16 great orbs of eyes
  17 hydras
  A hell beast (Depths:3)
  4 rakshasas
  4 ghost crabs
  6 ice dragons
  8 ironbound frosthearts
  5 peacekeepers
  4 centaur warriors
  5 spriggan air magi
  A radroach (shapeshifter) (Elf:2)
  Erica (D:8)
  A jorogumo (shapeshifter) (Vaults:5)
  2 death knights (Crypt:1)
  7 ogre magi
  2 alligators (shapeshifter)
  13 anacondas
  5 boulder beetles
  2 catoblepae
  7 alligators
  24 two-headed ogres
  18 death yaks
  3 deep troll shamans
  4 deep troll earth magi
  5 naga warriors
  19 dancing weapons
  2 orc high priests
  3 vampire magi
  9 tengu warriors
  5 naga sharpshooters
  5 soul eaters
  A shock serpent (shapeshifter) (Elf:2)
  Nergalle (D:10)
  18 deep elf knights
  2 shock serpents
  A hell knight (Vaults:2)
  7 spriggan berserkers
  A titan skeleton (Crypt:3)
  11 skeletal warriors
  The ghost of Fodor the Protected, a novice MiFi of Gozag (D:7)
  3 skysharks
  3 iron trolls
  2 shadow wraiths
  6 goliath frogs
  2 flayed ghosts
  6 salamander mystics (Snake:4)
  3 sea snakes (Snake:4)
  A glowing orange brain (shapeshifter) (Vaults:5)
  2 spriggan druids
  An anaconda zombie (Crypt:3)
  44 deep trolls
  3 glowing orange brains
  10 swamp dragons
  8 wizards
  10 bog bodies
  7 mana vipers
  6 naga ritualists
  13 deep elf archers
  A lindwurm (Vaults:2)
  A swamp dragon (shapeshifter) (Elf:2)
  8 necromancers
  3 orc knights
  21 ironbound convokers
  25 deep elf zephyrmancers
  8 phantasmal warriors
  3 shining eyes
  8 harpies
  A sphinx simulacrum (Depths:2)
  11 deep elf pyromancers
  2 will-o-the-wisps
  A cyclops (shapeshifter) (Depths:4)
  2 stone giant zombies
  3 wolf spiders (Crypt:3)
  A mana viper (shapeshifter) (Elf:2)
  3 orc sorcerers
  2 oklob plants
  2 manticores
  A cyclops (D:14)
  21 salamanders
  2 human zombies (Vaults:3)
  An iron dragon skeleton (Crypt:3)
  7 guardian serpents
  34 ugly things
  13 moths of wrath
  11 vault sentinels
  12 elephants
  A molten gargoyle (Desolation)
  33 black mambas
  13 naga magi
  2 torpor snails
  11 cane toads
  2 gargoyles
  Joseph (D:7)
  Psyche (D:12)
  An orange demon (D:1)
  A dire elephant skeleton (Crypt:3)
  4 unseen horrors
  Maggie (D:10)
  An orb spider zombie (Crypt:2)
  3 rime drakes (Lair:3)
  A tormentor (Depths:2)
  A rime drake (shapeshifter) (D:15)
  A spark wasp simulacrum (Depths:2)
  A yaktaur skeleton (Vaults:3)
  29 yaktaurs
  An anaconda simulacrum (IceCv)
  2 golden dragon simulacra (IceCv)
  9 freezing wraiths
  A minotaur skeleton (Crypt:1)
  An ice devil (Zot:5)
  10 komodo dragons
  A guardian mummy (Crypt:3)
  11 tengu conjurers
  An unseen horror skeleton (Crypt:2)
  3 harpy zombies (Crypt:3)
  5 hellwings (Crypt:3)
  2 polar bears
  A meliai (shapeshifter) (D:14)
  23 blink frogs
  9 tyrant leeches
  2 bloated husks
  6 hornets
  A raiju (shapeshifter) (Elf:2)
  6 trolls
  A harpy skeleton (Crypt:3)
  48 saltlings (Desolation)
  9 dream sheep (Lair:3)
  A frost giant simulacrum (Depths:2)
  2 jumping spiders (Crypt:3)
  2 air elementals
  8 water elementals
  Sigmund (D:6)
  2 shadows
  10 wyverns
  53 slime creatures
  7 spriggans
  A dire elephant simulacrum (IceCv)
  60 yaks
  Eustachio (D:6)
  11 basilisks
  A vampire (D:11)
  5 wraiths
  8 fire elementals
  A wyvern (shapeshifter) (Elf:2)
  Grum (D:10)
  A golden eye (Slime:5)
  2 steam dragons (D:8)
  5 redbacks
  7 vampire mosquitoes
  A chaos spawn (D:7)
  Menkaure (D:6)
  2 harpy simulacra
  8 swamp worms
  37 nagas
  A naga zombie (Crypt:3)
  4 wargs
  5 acid dragons
  3 water moccasins
  3 hell hounds
  2 floating eyes (Depths:2)
  3 nameless horrors
  6 swamp drakes (Swamp:4)
  30 orc warriors
  2 sky beasts
  3 ettin simulacra
  3 black bears
  An ice beast (D:6)
  19 wolves
  37 ogres
  10 centaurs
  A dream sheep zombie (Crypt:1)
  2 boggarts (Vaults:2)
  2 phantoms (D:5)
  14 bullfrogs
  A small abomination (Zot:5)
  5 kobold brigands
  2 gnoll sergeants
  2 necrophages
  13 scorpions
  5 wights (D:8)
  5 wyvern skeletons (Crypt:3)
  A killer bee (shapeshifter) (Elf:2)
  24 killer bees
  2 lindwurm simulacra (IceCv)
  A shapeshifter skeleton (Crypt:2)
  4 howler monkeys
  A black bear zombie (Crypt:2)
  3 hounds
  3 jellies
  2 gnoll boudas
  Crazy Yiuf (D:6)
  12 orc priests
  2 iguanas (D:5)
  17 orc wizards
  8 hell rats (Lair:3)
  An acid dragon zombie (Crypt:1)
  2 mummies (Crypt:3)
  18 gnolls
  4 adders
  3 worms
  5 dart slugs
  87 orcs
  5 ball pythons
  5 endoplasms
  3 giant cockroaches (D:10)
  7 goblins
  10 hobgoblins
  29 kobolds
  2 quokkas
  2 bats (D:1)
  3 frilled lizards
  A frilled lizard (shapeshifter) (Elf:2)
  5 rats
  A spectral orc (D:3)
  4 butterflies (D:10)
1961 creatures vanquished.

Vanquished Creatures (collateral kills)
  A dread lich (Zot:5)
  3 orbs of fire (Zot:5)
  2 ancient liches
  Mara (Depths:2)
  The ghost of Foeck the Wrestler, a veteran TrCK of Xom (Zot:1)
  Josephina (Depths:2)
  4 Killer Klowns (Zot:5)
  3 curse toes
  2 golden dragons
  2 pandemonium lords
  5 electric golems
  8 tentacled monstrosities
  A lich (Depths:2)
  A deep elf master archer (Elf:3)
  15 Orb Guardians (Zot:5)
  3 deep elf blademasters (Elf:3)
  5 acid blobs
  The ghost of Sundig the Warrior, an adept MiFi of Qazlal (Elf:2)
  A sphinx (Vaults:5)
  2 death cobs
  2 shadow dragons
  A tengu reaver (Vaults:5)
  7 storm dragons
  Roxanne (Elf:3)
  2 fire giants
  6 draconian monks
  4 deep elf sorcerers (Elf:3)
  3 rockslimes (Slime:5)
  A draconian knight (Zot:5)
  A frost giant (Vaults:5)
  2 iron dragons (Depths:3)
  An imperial myrmidon (Desolation)
  2 draconian scorchers
  A ghoul (Crypt:2)
  A draconian annihilator (Zot:5)
  An ironbound preserver (Vaults:5)
  3 draconian shifters
  A curse skull (Crypt:3)
  2 spriggan defenders (Depths:3)
  2 draconian stormcallers (Zot:3)
  3 stone giants
  8 very ugly things
  3 deep elf demonologists
  6 black draconians
  A war gargoyle (Vaults:1)
  2 green draconians
  3 vampire knights
  9 red draconians
  2 deep elf annihilators (Elf:3)
  3 purple draconians
  7 yellow draconians
  5 eidola
  4 white draconians
  6 fire dragons
  3 ettins
  3 deep elf death magi
  7 ragged hierophants (Desolation)
  3 deep elf high priests
  3 yaktaur captains
  A great orb of eyes (Slime:5)
  A spriggan zombie (Crypt:3)
  6 peacekeepers (Desolation)
  2 hell beasts
  5 servants of whispers (Desolation)
  2 quicksilver dragon skeletons (Crypt:3)
  4 ice dragons
  10 vault guards (Vaults:5)
  8 dancing weapons
  2 spriggan skeletons
  2 deep troll earth magi
  2 titan zombies (Crypt:3)
  A vampire mage (Crypt:1)
  2 spriggans (Depths:1)
  An emperor scorpion zombie (Crypt:3)
  3 soul eaters (Crypt:3)
  11 skeletal warriors
  2 iron trolls
  2 deep elf knights (Elf:2)
  3 deep trolls (Depths:3)
  A shadow demon (D:15)
  An anaconda zombie (Crypt:3)
  A bog body (Crypt:1)
  A wizard (Depths:1)
  A bunyip skeleton (Crypt:3)
  An anaconda skeleton (Crypt:3)
  2 deep elf zephyrmancers (Elf:2)
  A deep elf pyromancer (Elf:3)
  4 necromancers (Crypt:3)
  6 phantasmal warriors
  2 ugly things (Depths:1)
  A stone giant zombie (Crypt:3)
  5 moths of wrath
  A goliath frog skeleton (Crypt:1)
  An eleionoma zombie (Crypt:2)
  A guardian serpent (Desolation)
  2 centaur zombies (Crypt:3)
  3 eyes of devastation
  A vault sentinel (Vaults:5)
  A rust devil (Zot:5)
  A water nymph (shapeshifter) (Depths:4)
  A dire elephant zombie (Crypt:1)
  A stone giant skeleton (Depths:1)
  A centaur skeleton (Crypt:1)
  A death yak zombie (Crypt:1)
  2 dire elephant skeletons
  A black draconian zombie (Crypt:1)
  3 freezing wraiths (Crypt:3)
  A yaktaur (Vaults:5)
  A komodo dragon (shapeshifter) (Vaults:5)
  A minotaur skeleton (Crypt:2)
  8 hellwings
  A hydra zombie (Crypt:3)
  11 saltlings (Desolation)
  A harpy skeleton (Crypt:3)
  A hornet (Depths:1)
  A frost giant simulacrum (Depths:2)
  An ettin zombie (Crypt:3)
  7 slime creatures
  3 wraiths
  4 water elementals (Depths:2)
  A fire elemental (Elf:3)
  A fire dragon skeleton (Crypt:1)
  A golden eye (Slime:5)
  A naga zombie (Crypt:3)
  A faun zombie (Crypt:1)
  A glowing shapeshifter zombie (Depths:1)
  A deep troll zombie (Crypt:1)
  An elf zombie (Crypt:2)
  A necrophage (Crypt:1)
  3 wyvern skeletons (Crypt:3)
  A hound skeleton (Crypt:2)
  11 boulders
370 creatures vanquished.

Vanquished Creatures (others)
  Vv (Depths:2)
  A tentacled monstrosity (Zot:5)
  2 Orb Guardians (Zot:5)
  2 deep elf master archers (Elf:3)
  An eldritch tentacle (Zot:5)
  A draconian knight (Zot:4)
  A fire giant (Depths:1)
  A draconian monk (Zot:1)
  A draconian scorcher (Zot:3)
  A green draconian (Zot:4)
  A juggernaut skeleton (Crypt:3)
  A black draconian (Zot:2)
  A red draconian (Zot:5)
  An eidolon (Crypt:2)
  A deep elf death mage (Elf:3)
  2 ragged hierophants (Desolation)
  A dancing weapon (Elf:3)
  A swamp dragon (Swamp:4)
  A phantasmal warrior (Crypt:3)
  A harpy zombie (Crypt:3)
  A hellwing (Crypt:3)
  3 saltlings (Desolation)
  A wraith (Crypt:1)
  A floating eye (Swamp:4)
  A dream sheep skeleton (Crypt:2)
  An orc priest (Orc:2)
  18 boulders
49 creatures vanquished.

Grand Total: 2380 creatures vanquished

Notes
Turn   | Place    | Note
-------+----------+-------------------------------------------
     0 | D:1      | Hi5aMiFi the Gargoyle Earth Elementalist began the quest
                  | for the Orb.
     0 | D:1      | Reached XP level 1. HP: 10/10 MP: 3/3
   202 | D:1      | Found a faded altar of an unknown god.
   592 | D:1      | Reached XP level 2. HP: 15/15 MP: 3/5
   759 | D:1      | Learned a level 2 spell: Passwall
   966 | D:1      | Found Kuuje's Book Boutique.
  1840 | D:2      | Reached XP level 3. HP: 19/19 MP: 2/6
  1916 | D:2      | Learned a level 3 spell: Stone Arrow
  2485 | D:3      | Found a broken altar of Ashenzari.
  2747 | D:3      | Reached XP level 4. HP: 19/24 MP: 3/7
  3016 | D:3      | Noticed a kobold brigand
  3360 | D:3      | Noticed a kobold brigand
  3430 | D:3      | Became a worshipper of Ashenzari the Shackled
  3612 | D:4      | Reached skill level 1 in Conjurations
  3612 | D:4      | Reached skill level 5 in Earth Magic
  4233 | D:4      | Found a hazy altar of Hepliaklqana.
  4349 | D:4      | Reached XP level 5. HP: 28/28 MP: 9/9
  4463 | D:5      | Entered Level 5 of the Dungeon
  4498 | D:5      | Reached skill level 1 in Evocations
  4795 | D:5      | Reached * piety under Ashenzari
  4865 | D:5      | Noticed a phantom
  4868 | D:5      | Killed a phantom
  4869 | D:5      | Reached XP level 6. HP: 32/32 MP: 9/10
  5278 | D:5      | Found a sparkling altar of Nemelex Xobeh.
  5687 | D:5      | Found a glowing golden altar of the Shining One.
  5985 | D:5      | Found an iron altar of Okawaru.
  6141 | D:3      | Reached skill level 1 in Fighting
  6141 | D:3      | Reached XP level 7. HP: 39/39 MP: 10/11
  6289 | D:3      | Reached skill level 1 in Ice Magic
  6375 | D:3      | Reached ** piety under Ashenzari
  6421 | D:3      | Reached skill level 5 in Conjurations
  6449 | D:3      | Found a basalt altar of Yredelemnul.
  6849 | D:6      | Reached skill level 1 in Shields
  6899 | D:6      | Reached XP level 8. HP: 44/44 MP: 12/12
  6931 | D:6      | Reached skill level 1 in Polearms
  7051 | D:6      | Noticed Eustachio
  7072 | D:6      | Noticed Sigmund
  7094 | D:6      | Killed Eustachio
  7231 | D:6      | Found a runed translucent door.
  7232 | D:6      | Noticed Crazy Yiuf
  7295 | D:6      | Found a radiant altar of Vehumet.
  7321 | D:6      | Learned a level 3 spell: Hailstorm
  7361 | D:6      | Noticed Menkaure
  7363 | D:6      | Killed Menkaure
  7804 | D:6      | Reached skill level 1 in Transmutations
  8017 | D:7      | Reached skill level 5 in Shields
  8079 | D:7      | Reached *** piety under Ashenzari
  8182 | D:7      | Found a transporter.
  8183 | D:7      | Noticed Fodor's ghost (novice MiFi)
  8185 | D:7      | Identified the +6 great mace of Laluregi {heavy, rC- Dex+7
                  | Stlth+}
  8185 | D:7      | Identified the +8 great mace "Dragonslayer" {spect, Str+3}
  8185 | D:7      | Noticed a two-headed ogre
  8288 | D:6      | Killed Sigmund
  8289 | D:6      | Reached XP level 9. HP: 49/50 MP: 11/15
  8366 | D:7      | Noticed Joseph
  8373 | D:7      | Killed Joseph
  8475 | D:7      | Found a transporter.
  8577 | D:7      | Found a white marble altar of Elyvilon.
  8830 | D:7      | Found a staircase to the Ecumenical Temple.
  9044 | D:7      | Identified the +0 pair of gloves "Wotoy" {Will+ Dex+3}
  9379 | D:7      | Reached skill level 1 in Air Magic
  9569 | D:8      | Found Qeucupli's Magic Scroll Boutique.
  9580 | D:8      | Bought a scroll of poison for 56 gold pieces
  9580 | D:8      | Bought a scroll of blinking for 105 gold pieces
  9580 | D:8      | Bought a scroll of enchant armour for 105 gold pieces
  9580 | D:8      | Bought a scroll of teleportation for 42 gold pieces
  9747 | D:8      | Learned a level 3 spell: Mephitic Cloud
 10008 | D:8      | Reached XP level 10. HP: 56/56 MP: 18/20
 10179 | D:8      | Noticed Erica
 10186 | D:8      | Killed Erica
 10291 | D:8      | Learned a level 5 spell: Freezing Cloud
 10615 | D:8      | Reached skill level 5 in Ice Magic
 10790 | D:8      | Found a staircase to the Lair.
 10866 | D:8      | Reached skill level 1 in Poison Magic
 11464 | D:8      | Learned a level 2 spell: Poisonous Vapours
 11469 | D:9      | Found a staircase to the Orcish Mines.
 11489 | D:9      | Found a shimmering blue altar of Sif Muna.
 11751 | D:9      | Found a shadowy altar of Dithmenos.
 11764 | D:9      | Learned a level 3 spell: Swiftness
 12206 | D:9      | Found a bloodstained altar of Trog.
 12211 | D:9      | Reached skill level 10 in Conjurations
 12282 | D:9      | Reached XP level 11. HP: 60/60 MP: 14/21
 12543 | D:9      | Found the +8 demon blade "Leech" {evervamp, Harm Drain rN+}
 12849 | D:9      | Found a sacrificial altar of Ru.
 12964 | Lair:1   | Entered Level 1 of the Lair of Beasts
 13410 | Lair:1   | Reached skill level 10 in Shields
 14917 | Lair:2   | Reached XP level 12. HP: 64/66 MP: 8/22
 15062 | Lair:2   | Noticed a skyshark
 15076 | Lair:2   | Killed a skyshark
 15246 | Lair:2   | Found a staircase to the Swamp.
 15588 | Lair:2   | Noticed a skyshark
 15919 | Lair:2   | Killed a skyshark
 16336 | Lair:2   | Noticed a death yak
 16336 | Lair:2   | Noticed a death yak
 16337 | Lair:2   | Noticed a death yak
 16337 | Lair:2   | Noticed a death yak
 16338 | Lair:2   | Noticed a seven-headed hydra
 16360 | Lair:2   | Killed a death yak
 16536 | Lair:2   | Killed a seven-headed hydra
 16612 | Lair:2   | Killed a death yak
 16694 | Lair:2   | Killed a death yak
 16699 | Lair:2   | Killed a death yak
 17579 | Lair:3   | Reached XP level 13. HP: 70/70 MP: 18/23
 18197 | Lair:3   | Found a staircase to the Snake Pit.
 18210 | Lair:3   | Reached skill level 5 in Air Magic
 18362 | Lair:3   | Learned a level 4 spell: Brom's Barrelling Boulder
 19693 | Lair:3   | Identified the +7 hand axe of Luxury {flame, rC+ Str+3
                  | Int+4}
 20383 | Lair:4   | Reached skill level 5 in Evocations
 20960 | Lair:4   | Reached skill level 15 in Shields
 21237 | Lair:5   | Entered Level 5 of the Lair of Beasts
 21251 | Lair:4   | Gained mutation: Your large and strong wings let you fly.
                  | [Gargoyle growth]
 21251 | Lair:4   | Reached XP level 14. HP: 48/78 MP: 2/24
 22043 | Lair:5   | Noticed a dire elephant
 22545 | Lair:5   | Found a runed translucent door.
 22549 | Lair:5   | Found a staircase to the Slime Pits.
 22636 | Lair:5   | Killed a dire elephant
 24485 | Lair:5   | Reached skill level 15 in Conjurations
 24823 | Lair:5   | Identified the staff of Dissent {rElec Will- rCorr Air
                  | Poison}
 24824 | Lair:5   | Noticed a dire elephant
 25100 | Lair:5   | Killed a dire elephant
 25779 | D:6      | Killed Crazy Yiuf
 25921 | D:10     | Entered Level 10 of the Dungeon
 26080 | D:10     | Reached skill level 5 in Spellcasting
 26178 | D:10     | Noticed Nergalle
 26183 | D:10     | Killed Nergalle
 26462 | D:10     | Noticed Grum
 26472 | D:10     | Killed Grum
 26496 | D:10     | Noticed Maggie
 26501 | D:10     | Killed Maggie
 26826 | D:10     | Found a stormy altar of Qazlal.
 26972 | D:10     | Found a runed translucent door.
 26981 | D:10     | Found a runed translucent door.
 27439 | D:11     | Reached XP level 15. HP: 82/82 MP: 25/25
 27485 | D:11     | Reached skill level 10 in Ice Magic
 27671 | D:11     | Identified the +10 trident of the Foot {pain, Dex+3}
 28114 | D:11     | Found a runed translucent door.
 28114 | D:11     | Noticed Fodor's ghost (journeyman MiFi)
 29069 | D:12     | Found Willudyo's Antique Weapon Boutique.
 29198 | D:12     | Noticed Psyche
 29206 | D:12     | Killed Psyche
 29334 | D:12     | Reached **** piety under Ashenzari
 29800 | D:13     | Reached skill level 1 in Armour
 30435 | D:13     | Found Rotom's Self-Improvement Boutique.
 31408 | D:13     | Found a gate to the Vaults.
 32813 | D:11     | Killed Fodor's ghost
 32928 | Orc:1    | Entered Level 1 of the Orcish Mines
 33126 | Orc:2    | Entered Level 2 of the Orcish Mines
 33130 | Orc:2    | Noticed Azrael
 33131 | Orc:2    | Reached skill level 1 in Fire Magic
 33144 | Orc:2    | Killed Azrael
 33566 | Orc:1    | Found Toxept's Weapon Emporium.
 34342 | Orc:1    | Found a shimmering blue altar of Sif Muna.
 34348 | Orc:1    | Identified Sif Muna's Octavo of the Flock
 34721 | Orc:2    | Noticed an orc warlord
 34747 | Orc:2    | Killed an orc warlord
 34964 | Orc:2    | Reached skill level 5 in Fire Magic
 35629 | Orc:2    | Reached XP level 16. HP: 90/90 MP: 27/30
 35729 | Orc:2    | Found a staircase to the Elven Halls.
 35837 | Orc:2    | Found Epsag's Assorted Antiques.
 35837 | Orc:2    | Found Evompine's Antique Armour Shop.
 36036 | Orc:2    | Found Bikuin's Book Boutique.
 36036 | Orc:2    | Found Wirumm's Armour Emporium.
 36211 | Orc:2    | Bought 2 sedimented grey potions for 37 gold pieces
 36211 | Orc:2    | Bought a scroll of vulnerability for 84 gold pieces
 36212 | Orc:2    | Bought Great Wizards, Vol. II for 494 gold pieces
 36212 | Orc:2    | Bought a book of the Spheres for 832 gold pieces
 36212 | Orc:2    | Bought a book of Iron for 416 gold pieces
 36212 | Orc:2    | Bought an Inescapable Atlas for 208 gold pieces
 36361 | D:7      | Killed Fodor's ghost
 36932 | D:14     | Reached skill level 1 in Translocations
 37275 | D:14     | Noticed Nessos
 37288 | D:14     | Killed Nessos
 38149 | Snake:1  | Entered Level 1 of the Snake Pit
 38260 | Lair:3   | Learned a level 7 spell: Orb of Destruction
 38263 | Lair:3   | Learned a level 2 spell: Blink
 41153 | Snake:2  | Found Plog's Armour Boutique.
 41660 | Snake:2  | Noticed Jorgrun
 41737 | Snake:2  | Reached XP level 17. HP: 94/94 MP: 16/32
 41959 | Snake:2  | Killed Jorgrun
 42589 | Snake:3  | Noticed Donald
 42619 | Snake:3  | Noticed Agnes
 42688 | Snake:3  | Killed Donald
 42784 | Snake:3  | Killed Agnes
 43564 | Snake:4  | Entered Level 4 of the Snake Pit
 43570 | Snake:4  | Found Igaczal's Antique Armour Shop.
 43622 | Snake:4  | Bought a pair of embroidered boots for 285 gold pieces
 43981 | Snake:4  | Reached skill level 1 in Necromancy
 44139 | Snake:4  | Reached ***** piety under Ashenzari
 46729 | Snake:4  | Got a serpentine rune of Zot
 46965 | Swamp:1  | Entered Level 1 of the Swamp
 47124 | Swamp:1  | Found a frozen archway.
 47165 | Swamp:1  | Noticed a tentacled monstrosity
 47171 | Swamp:1  | Reached XP level 18. HP: 101/101 MP: 3/35
 47273 | Swamp:1  | Killed a tentacled monstrosity
 47301 | Swamp:1  | Noticed a tentacled monstrosity
 47327 | Swamp:1  | Killed a tentacled monstrosity
 47425 | IceCv    | Entered an ice cave
 47431 | IceCv    | Found a transporter.
 47549 | IceCv    | Identified the ring of Vehumet's Respect {Ice MP-9 Str+3
                  | Dex+8 Stlth+}
 47566 | IceCv    | Found a transporter.
 47970 | Swamp:1  | Reached skill level 5 in Necromancy
 48892 | Swamp:2  | Found an ornate altar of the Wu Jian Council.
 48907 | Swamp:2  | Reached skill level 10 in Spellcasting
 51304 | Swamp:4  | Entered Level 4 of the Swamp
 51391 | Swamp:4  | Noticed a tentacled monstrosity
 51400 | Swamp:4  | Killed a tentacled monstrosity
 52558 | Swamp:4  | Learned a level 5 spell: Borgnjor's Vile Clutch
 52564 | Swamp:4  | Learned a level 5 spell: Lee's Rapid Deconstruction
 52662 | Swamp:4  | Got a decaying rune of Zot
 52948 | Vaults:1 | Entered Level 1 of the Vaults
 52961 | Vaults:1 | Noticed Asterion
 53340 | Vaults:1 | Killed Asterion
 53459 | Vaults:1 | Reached XP level 19. HP: 105/105 MP: 26/38
 54644 | Snake:4  | Bought a glimmering ring mail for 342 gold pieces
 54644 | Snake:4  | Identified the +4 ring mail of the Rose {Dex+3} (You bought
                  | it in a shop on level 4 of the Snake Pit)
 55686 | Vaults:1 | Reached skill level 5 in Fighting
 57587 | Vaults:2 | Identified the +4 quarterstaff "Vojoubyn" {vamp, rElec
                  | rPois Int+4}
 58643 | Vaults:2 | Noticed a dread lich
 58921 | Vaults:2 | Reached skill level 1 in Summonings
 59081 | Vaults:2 | Reached skill level 2 in Summonings
 59219 | Vaults:2 | Noticed a dread lich
 59809 | Vaults:2 | Reached skill level 3 in Summonings
 60542 | Vaults:3 | Reached skill level 4 in Summonings
 60927 | Vaults:3 | Reached skill level 5 in Summonings
 61407 | Vaults:3 | Found a staircase to the Crypt.
 61765 | Vaults:3 | Reached skill level 6 in Summonings
 62338 | Vaults:3 | Reached XP level 20. HP: 117/117 MP: 35/39
 62606 | Vaults:3 | Reached skill level 7 in Summonings
 63170 | Vaults:3 | Reached skill level 8 in Summonings
 64189 | Vaults:3 | Reached skill level 9 in Summonings
 64609 | Vaults:2 | Killed a dread lich
 64750 | Vaults:2 | Identified a scroll of acquirement
 64758 | Vaults:2 | Acquired 822 gold pieces
 64766 | Vaults:2 | Identified the +2 ring mail of the Black Skies {rC++ Dex+5
                  | Stlth-}
 65076 | D:13     | Bought a manual of Polearms for 1280 gold pieces
 66306 | Vaults:4 | Reached skill level 5 in Polearms
 66306 | Vaults:4 | Reached skill level 10 in Summonings
 66712 | Vaults:4 | Identified the ring "Poiluz" {rF+ rN+ rCorr Str+5 Stlth-}
 67013 | Vaults:4 | Noticed Aizul
 67243 | Vaults:4 | Learned a level 7 spell: Spellforged Servitor
 68158 | Vaults:4 | Killed Aizul
 69824 | D:15     | Entered Level 15 of the Dungeon
 70309 | D:15     | Acquired 652 gold pieces
 70649 | D:15     | Reached XP level 21. HP: 120/120 MP: 24/40
 71251 | D:15     | Noticed Rupert
 71257 | D:15     | Reached skill level 10 in Polearms
 71257 | D:15     | Reached skill level 11 in Summonings
 71261 | D:15     | Killed Rupert
 71811 | D:15     | Found a staircase to the Depths.
 72345 | Orc:1    | Bought the +7 spear of Ivewk {flame, Str+4 Int+5} for 928
                  | gold pieces
 72391 | Elf:1    | Entered Level 1 of the Elven Halls
 74556 | Elf:1    | Identified Sif Muna's Quarto of the Puissant Gestalt
 74782 | Elf:2    | Reached skill level 12 in Summonings
 75127 | Elf:2    | Found a crumbling gateway.
 75184 | Desolati | Entered the Desolation of Salt
 75825 | Desolati | Identified the amulet "Wableyck" {Reflect Rampage *Slow
                  | Str+3 SH+5 SInv}
 76344 | Desolati | Reached skill level 10 in Fire Magic
 76409 | Desolati | Identified the amulet of Cuvviush {RegenMP +Blink Regen+
                  | Int-4 Dex-2}
 76662 | Desolati | Identified the Papyrus of Transposed Conjuration
 76667 | Desolati | Identified the Incunable of the Disturbing Towns
 76690 | Desolati | Identified the +5 falchion "Myitru" {venom, rPois}
 76709 | Desolati | Identified the amulet of the Thirsty Songs {rPois Regen+
                  | Int+3}
 77406 | Desolati | Reached skill level 13 in Summonings
 77428 | Desolati | Identified the +5 morningstar "Guutesub" {freeze, Int+5}
 77586 | Desolati | Identified the ring "Qigal" {Fly rCorr Dex+6}
 77590 | Desolati | Reached XP level 22. HP: 124/124 MP: 41/41
 77649 | Desolati | Identified Jittys's Guidebook on Conjury and Chilblains
 77650 | Desolati | Identified Jiwo Nio's Textbook on Venin and the Fairies
 77752 | Desolati | Identified the Precepts of Beguiling and the Figure
 77875 | Elf:2    | Identified the ring of Sukee {rPois Will+ Dex+6 Stlth+}
 77882 | Elf:2    | Found a transporter.
 77886 | Elf:2    | Identified the amulet of Yredelemnul's Respect {Spirit rN+
                  | Will- Dex+2}
 77886 | Elf:2    | Identified the ring of Xukk {rC+ rCorr Str+3 Dex+3 Slay-4}
 77887 | Elf:2    | Noticed Sundig's ghost (adept MiFi)
 77897 | Elf:2    | Found a transporter.
 78250 | Elf:2    | Found a runed translucent gate.
 78250 | Elf:2    | Found a runed translucent gate.
 78250 | Elf:2    | Found a runed translucent gate.
 78450 | Elf:3    | Entered Level 3 of the Elven Halls
 78767 | Elf:3    | Noticed Roxanne
 78777 | Elf:3    | Killed Roxanne
 79013 | Elf:3    | Reached skill level 14 in Summonings
 79203 | Elf:3    | Identified the staff "Zyhos" {rElec Conj}
 79207 | Elf:3    | Noticed Louise
 79228 | Elf:3    | Killed Louise
 79618 | Elf:3    | Identified the Book of Haze and the Shift
 79681 | Elf:3    | Found the +10 zealot's sword {holy, Zealotry, *Rage rN+
                  | EV+3}
 79681 | Elf:3    | Identified the +6 arbalest of Internal Strife {freeze,
                  | Dex+3 SInv Stlth+}
 79685 | Elf:3    | Identified the +3 storm dragon scales of the Wilderness
                  | {rElec rN+}
 80185 | Elf:2    | Reached skill level 15 in Summonings
 80691 | Snake:2  | Bought a +3 ring mail of willpower for 468 gold pieces
 81062 | Crypt:1  | Entered Level 1 of the Crypt
 81193 | Crypt:1  | Reached skill level 5 in Dodging
 81428 | Crypt:1  | Found a transporter.
 81428 | Crypt:1  | Noticed a dread lich
 81429 | Crypt:1  | Noticed an ancient lich
 81429 | Crypt:1  | Identified the +2 pair of gloves of Jocular Surprise {-Cast
                  | rPois Stlth+}
 82291 | Crypt:1  | Found a transporter.
 82330 | Crypt:1  | Reached XP level 23. HP: 128/128 MP: 42/42
 83294 | Crypt:2  | Identified the ring "Muschas" {rPois AC+4}
 83295 | Crypt:2  | Found a transporter.
 83296 | Crypt:2  | Identified the ring "Sesuv" {+Blink rPois rCorr Stlth-}
 83368 | Crypt:2  | Found a transporter.
 83502 | Crypt:3  | Entered Level 3 of the Crypt
 83611 | Crypt:3  | Found the +7 sceptre of Torment {pain, torment}
 84807 | Crypt:3  | Identified the +9 battleaxe of Keiqag {pain, rElec Int-3
                  | Dex+2}
 84996 | Crypt:3  | Identified the +7 arbalest "Azegupun" {drain, Str+3}
 84997 | Crypt:3  | Identified the ring "Nyar" {rElec rPois rN++ rCorr Dex-2}
 85688 | Crypt:3  | Found a staircase to the Tomb.
 85816 | Crypt:3  | Found an ancient bone altar of Kikubaaqudgha.
 86235 | Crypt:3  | Identified the +6 plate armour of the Kappa {rC++}
 86454 | Crypt:3  | Identified Sif Muna's Reference Book on the Heated Cure
 86463 | Crypt:3  | Noticed an ancient lich
 86469 | Crypt:3  | Killed an ancient lich
 86470 | Crypt:3  | Reached skill level 10 in Dodging
 86470 | Crypt:3  | Reached skill level 15 in Fire Magic
 87236 | Lair:5   | Learned a level 8 spell: Ignition
 87238 | Slime:1  | Entered Level 1 of the Pits of Slime
 87435 | Slime:4  | Gained mutation: Your magical capacity is low. (-10% MP) [a
                  | shining eye]
 87534 | Slime:4  | Found a viscous altar of Jiyva.
 87546 | Slime:5  | Entered Level 5 of the Pits of Slime
 88082 | Slime:5  | Noticed the Royal Jelly
 88086 | Slime:5  | Killed the Royal Jelly
 88087 | Slime:5  | Reached XP level 24. HP: 136/136 MP: 34/38
 88092 | Slime:5  | Identified the +5 dagger of Forgiveness {heavy, Int+4
                  | Dex+4}
 88155 | Slime:5  | Noticed Dissolution
 88160 | Slime:5  | Identified the +0 halberd of Ywyim {flame, Will++ Int+6
                  | Stlth+}
 88166 | Slime:5  | Killed Dissolution
 88323 | Slime:5  | Identified the +1 halberd of Kolar {speed, Dex+4}
 88343 | Slime:5  | Got a slimy rune of Zot
 89676 | Lair:5   | Lost mutation: Your magical capacity is low. (-10% MP)
                  | [potion of mutation]
 89676 | Lair:5   | Gained mutation: Your muscles are strong. (Str +4, Int/Dex
                  | -1) [potion of mutation]
 89676 | Lair:5   | Gained mutation: You are clumsy. (Dex -2) [potion of
                  | mutation]
 89676 | Lair:5   | Gained mutation: Armour fits poorly on your strangely
                  | shaped body. [potion of mutation]
 89676 | Lair:5   | Gained mutation: You passively map a small area around you.
                  | [potion of mutation]
 89677 | Lair:5   | Lost mutation: Armour fits poorly on your strangely shaped
                  | body. [potion of mutation]
 89677 | Lair:5   | Lost mutation: You are clumsy. (Dex -2) [potion of
                  | mutation]
 89677 | Lair:5   | Lost mutation: You passively map a small area around you.
                  | [potion of mutation]
 89677 | Lair:5   | Gained mutation: You have an increased reservoir of magic.
                  | (+10% MP) [potion of mutation]
 89895 | Elf:2    | Reached skill level 5 in Armour
 90028 | Elf:2    | Noticed a caustic shrike
 90029 | Elf:2    | a caustic shrike changed into an alligator snapping turtle
 90056 | Elf:2    | Killed Sundig's ghost
 90805 | Depths:1 | Entered Level 1 of the Depths
 91381 | Depths:1 | Found a gateway to Hell.
 91687 | Depths:1 | Found an opulent altar of Gozag.
 91803 | Depths:1 | Found a one-way gate to the infinite horrors of the Abyss.
 91870 | Depths:1 | Found a hazy altar of Hepliaklqana.
 92160 | Depths:2 | Noticed Mara
 92170 | Depths:2 | Killed Mara
 92363 | Depths:2 | Found a one-way gateway to a ziggurat.
 92418 | Depths:2 | Identified the ring of Dutym {Ice rElec rPois}
 92418 | Depths:2 | Noticed Josephina
 92437 | Depths:2 | Killed Josephina
 92690 | Depths:2 | Noticed Vv
 92818 | Depths:2 | Noticed a caustic shrike
 92826 | Depths:2 | Killed a caustic shrike
 93092 | Depths:2 | Killed Vv
 93189 | Depths:2 | Reached skill level 16 in Summonings
 93824 | Depths:2 | Found a one-way gate leading to the halls of Pandemonium.
 94235 | Depths:2 | Identified the +4 orcbow of Qaebez {drain, rN+ Dex+4}
 94394 | Depths:3 | Reached skill level 10 in Armour
 94674 | Depths:3 | Noticed Boris
 94702 | Depths:3 | Killed Boris
 94922 | Depths:3 | Reached XP level 25. HP: 138/138 MP: 41/46
 95166 | Depths:3 | Noticed the Enchantress
 95171 | Depths:3 | Killed the Enchantress
 96002 | Depths:4 | Entered Level 4 of the Depths
 96014 | Depths:4 | Found a stormy altar of Qazlal.
 96024 | Depths:4 | Reached skill level 17 in Summonings
 96488 | Orc:2    | Bought a glowing helmet for 225 gold pieces
 96489 | Orc:2    | Bought a scroll of teleportation for 63 gold pieces
 96564 | D:8      | Bought a scroll of immolation for 56 gold pieces
 96900 | Depths:4 | Identified the +0 robe of Too Many Cooks {rElec rF+}
 97644 | Depths:4 | Found a gate to the Realm of Zot.
 98179 | Vaults:5 | Entered Level 5 of the Vaults
 98246 | Vaults:5 | Identified the +3 arbalest of Wrongful Imprisonment {penet,
                  | Str+6 Dex+3}
 98290 | Vaults:5 | Reached skill level 18 in Summonings
 98377 | Vaults:5 | Found the +0 mask of the Dragon {Will+ Slay+3 SInv}
 98637 | Vaults:5 | Identified the +3 whip "Cevetatuta" {flame, *Noise rC++
                  | Str+3 Int+2}
 99075 | Vaults:5 | Identified the +5 dagger of Josiajar {protect, Fly Dex+4}
 99244 | Vaults:5 | Noticed a shard shrike
 99936 | Vaults:5 | Reached skill level 19 in Summonings
 99936 | Vaults:5 | Reached XP level 26. HP: 145/145 MP: 46/46
100222 | Vaults:5 | Reached XP level 27. HP: 151/151 MP: 46/46
101027 | Vaults:5 | Got a silver rune of Zot
101805 | Orc:2    | Bought a +2 pair of gloves for 231 gold pieces
102281 | Zot:1    | Entered Level 1 of the Realm of Zot
102868 | Zot:1    | Reached skill level 20 in Summonings
103185 | Zot:1    | Found a runed translucent door.
103185 | Zot:1    | Found a shimmering altar of Xom.
103185 | Zot:1    | Identified the +0 rapier of Bodily Harmony {chaos, rPois
                  | rC+}
103185 | Zot:1    | Noticed Foeck's ghost (veteran TrCK)
103269 | Zot:1    | Noticed an orb of fire
103293 | Zot:1    | Killed an orb of fire
103977 | Zot:1    | Killed Foeck's ghost
104319 | Zot:2    | Learned a level 7 spell: Haunt
105258 | Zot:2    | Reached skill level 21 in Summonings
105500 | Zot:2    | Noticed an orb of fire
105510 | Zot:2    | Killed an orb of fire
106124 | Zot:3    | Identified the Atlas of Fire and Brimstone
106485 | Zot:3    | Identified the Octavo of the Storm and the Blaze
106864 | Zot:3    | Reached skill level 22 in Summonings
107313 | Zot:3    | Found a glowing golden altar of the Shining One.
107339 | Zot:3    | Identified Sif Muna's Precepts of the Zealot
108038 | Zot:4    | Reached skill level 23 in Summonings
108846 | Zot:4    | Learned a level 9 spell: Dragon's Call
108847 | Zot:5    | Entered Level 5 of the Realm of Zot
109349 | Zot:5    | Noticed an orb of fire
109361 | Zot:5    | Gained mutation: You are frail. (-10% HP) [an orb of fire]
109364 | Zot:5    | Gained mutation: You occasionally lose the ability to drink
                  | potions when taking damage. [an orb of fire]
109366 | Zot:5    | Killed an orb of fire
109373 | Zot:5    | Lost mutation: You have an increased reservoir of magic.
                  | (+10% MP) [potion of mutation]
109373 | Zot:5    | Lost mutation: Your muscles are strong. (Str +4, Int/Dex
                  | -1) [potion of mutation]
109373 | Zot:5    | Gained mutation: Your natural rate of healing is unusually
                  | fast. [potion of mutation]
109374 | Zot:5    | Lost mutation: You occasionally lose the ability to drink
                  | potions when taking damage. [potion of mutation]
109374 | Zot:5    | Lost mutation: Your natural rate of healing is unusually
                  | fast. [potion of mutation]
109374 | Zot:5    | Gained mutation: Your flesh is heat resistant. (rF+)
                  | [potion of mutation]
109374 | Zot:5    | Lost mutation: Your flesh is heat resistant. (rF+) [potion
                  | of mutation]
109375 | Zot:5    | Lost mutation: You are frail. (-10% HP) [potion of
                  | mutation]
109375 | Zot:5    | Gained mutation: You are clumsy. (Dex -2) [potion of
                  | mutation]
109375 | Zot:5    | Gained mutation: You occasionally shout uncontrollably at
                  | your foes. [potion of mutation]
109375 | Zot:5    | Gained mutation: You occasionally lose the ability to drink
                  | potions when taking damage. [potion of mutation]
109375 | Zot:5    | Gained mutation: You possess an exceptional clarity of
                  | mind. [potion of mutation]
109376 | Zot:5    | Lost mutation: You occasionally lose the ability to drink
                  | potions when taking damage. [potion of mutation]
109376 | Zot:5    | Lost mutation: You occasionally shout uncontrollably at
                  | your foes. [potion of mutation]
109376 | Zot:5    | Lost mutation: You are clumsy. (Dex -2) [potion of
                  | mutation]
109376 | Zot:5    | Gained mutation: You have sharp fingernails. [potion of
                  | mutation]
109376 | Zot:5    | Gained mutation: You expend magic power (3 MP) to
                  | strengthen your wands. [potion of mutation]
109522 | Zot:5    | Reached skill level 24 in Summonings
109985 | Zot:5    | Noticed a dread lich
109992 | Zot:5    | Killed a dread lich
109995 | Zot:5    | Noticed an orb of fire
109998 | Zot:5    | Noticed an orb of fire
110000 | Zot:5    | Noticed an ancient lich
110025 | Zot:5    | Killed an orb of fire
110025 | Zot:5    | Gained mutation: You are weak. (Str -2) [an orb of fire]
110049 | Zot:5    | Gained mutation: You are frail. (-10% HP) [an orb of fire]
110049 | Zot:5    | Killed an orb of fire
110155 | Zot:5    | Reached skill level 25 in Summonings
110205 | Zot:5    | Killed an ancient lich
110250 | Zot:5    | Noticed an ancient lich
110253 | Zot:5    | Killed an ancient lich
110475 | Zot:5    | Got the Orb of Zot
110484 | Zot:5    | Noticed Xixt the pandemonium lord
110497 | Zot:5    | Killed Xixt the pandemonium lord
110599 | Zot:4    | Noticed Boiril the pandemonium lord
110608 | Zot:4    | Killed Boiril the pandemonium lord
110878 | D:12     | Noticed a seraph
110878 | D:12     | Identified the +3 tower shield "Nawnec" {Str+3}
110885 | D:10     | Lost mutation: You have sharp fingernails. [potion of
                  | mutation]
110885 | D:10     | Lost mutation: You expend magic power (3 MP) to strengthen
                  | your wands. [potion of mutation]
110885 | D:10     | Lost mutation: You are frail. (-10% HP) [potion of
                  | mutation]
110885 | D:10     | Gained mutation: Your flesh is cold resistant. (rC+)
                  | [potion of mutation]
110885 | D:10     | Gained mutation: Your spells are a little easier to cast,
                  | but a little less powerful. [potion of mutation]
111104 | D:$      | Escaped with the Orb!

Illustrated notes

Levels and vault maps discovered:
D:1:      minmay_arrival_cross, layout_loops_ring,
          ebering_ecumenical_altar_abandoned, serial_shops,
          nicolae_shop_tiny_statue_garden
D:2:      layout_loops_corners, roderic_serpentine_path
D:3:      cheibrodos_thug_alley, layout_basic,
          yredelemnul_forgotten_temple_becter, ashenzari_conservatory_becter,
          corexii_corridor_pit, serial_bayou_lagoon_a, hangedman_glass_garden,
          kennysheep_generic_room_2
D:4:      layout_basic, mainiacjoe_overflow_cross_hatched
D:5:      layout_loops_corners, mainiacjoe_overflow_catwalk,
          nemelex_spade_bored_becter, okawaru_altar_gauntlet_db, corexii_shack
D:6:      layout_basic, vehumet_crystals, uniq_crazy_yiuf_cottage, uniq_sigmund,
          uniq_eustachio, uniq_menkaure
D:7:      layout_gridville, nicolae_overflow_hidden_temple,
          minmay_temple_entry_trees, gammafunk_ghost_smash, uniq_joseph
D:8:      cheibrodos_steamvent, layout_loops_corners, serial_shops, shop,
          special_room [special_room_orc], kb_lookout_dungeons_type, uniq_erica
D:9:      layout_rooms, trog_butcher_becter, mainiacjoe_overflow_24_doors,
          mainiacjoe_overflow_large_starburst, dreamdust_deal_with_the_devil
D:10:     lemuel_insect_pit, layout_loops_cross, grunt_qazlal_clouds,
          minmay_holes, uniq_nergalle, uniq_grum, uniq_maggie
D:11:     layout_roguey, ebering_ghost_inner_flame, due_unseen_surprise
D:12:     layout_cave_pools, serial_shops, nicolae_shop_tiny_glass, uniq_psyche
D:13:     layout_small_grid, grunt_vaults_entry_fortified, special_room
          [special_room_orc], nicolae_shop_self_help
D:14:     layout_rooms, nicolae_hexahallways, uniq_nessos
D:15:     grunt_enter_depths_snipers, layout_rooms, uniq_rupert
Lair:1:   layout_misc_corridors, infiniplex_staircase_pool, grunt_megastairs_4
Lair:2:   layout_cave_pods, skrybe_swamp_entry_bodies
Lair:3:   layout_misc_corridors, guppyfry_snake_entry_garden, special_room
          [special_room_mythical_zoo]
Lair:4:   layout_regular_city, grunt_megastairs_1, infiniplex_staircase_pool_2
Lair:5:   grunt_lair_end_beastmaster, layout_cave_shapes, slime_entry_2,
          grunt_megastairs_2
Swamp:1:  layout_falls_marsh, portal_ice_cave_entry_ugly_swarm,
          wheals_swamp_sinkhole, swamp_pool1, lightli_tree_ring
Swamp:2:  layout_basic_swamp, basic_altar
Swamp:3:  layout_falls_marsh, evilmike_swamp_ruin_house_4
Swamp:4:  swamp_alternative, layout_basic_swamp
Snake:1:  layout_rooms
Snake:2:  layout_onion, serial_shops, nicolae_stop_n_shop_2, uniq_jorgrun
Snake:3:  layout_onion_interference, grunt_ministairs_10, uniq_agnes,
          uniq_donald
Snake:4:  grunt_snake_rune_pools, layout_misc_corridors, serial_shops, shop,
          guppyfry_snake_island, lemuel_fruit_tree, serial_bayou_shore_b
Slime:1:  layout_caves
Slime:2:  layout_caves
Slime:3:  cheibrodos_slime_lost_civilization_8, layout_caves,
          cheibrodos_slime_lost_civilization_5
Slime:4:  layout_caves, basic_altar, nicolae_slime_crime_time
Slime:5:  slime_pit_nicolae_block_by_block, uniq_dissolution
Orc:1:    layout_caves, serial_shops, nicolae_shop_trees, basic_altar,
          statue_in_the_mist_lemuel, led_sif_book
Orc:2:    st_orc_ogre_mass, layout_caves, mines2_lemuel, uniq_azrael
Elf:1:    layout_geoelf_diagonals, kennysheep_underground_church
Elf:2:    nicolae_elf_blades_splatter_lattice
          [nicolae_blade_entry_floor_patterns], layout_geoelf_octagon,
          gammafunk_ghost_berserking_beasts, portal_desolation_entry_garden,
          nicolae_elf_big_sculpture_1
Elf:3:    minmay_elf_hall, layout_geoelf_octagon, uniq_louise, uniq_roxanne
Vaults:1: v_alt_pattern_3, nicolae_vaults_shelves_hall,
          nicolae_vaults_double_plus_3, nicolae_vaults_meiosis,
          ontoclasm_vaults_spin, v_misc_29, ontoclasm_vaults_ligature,
          ontoclasm_vaults_loading_screen, layout_vaults_omnicross,
          uniq_asterion
Vaults:2: vaults_dpeg_diagonal, ontoclasm_vaults_ring_square,
          nicolae_vaults_you_can_take_it_with_you, ontoclasm_vaults_bender,
          nicolae_vaults_closet_pinwheel_1, v_misc_2, grunt_vaults_trifunnel,
          v_misc_13, nicolae_vaults_circle_grid_a, nicolae_vaults_stepped_doors,
          nicolae_vaults_specimen_jars, vaults_standard_mumra_x,
          nicolae_vaults_double_plus_2, vaults_room_grid, vaults_room_hallway,
          v_alt_pattern_3, nicolae_vaults_trapezoid_3,
          nicolae_vaults_little_squares_3, vaults_room_grid, layout_vaults_maze
Vaults:3: nicolae_vaults_steering_wheel, ontoclasm_vaults_ring_square,
          vaults_mumra_hex, hangedman_vaults_snaps, v_misc_9,
          nicolae_vaults_closet_pinwheel_5, vaults_room_pools,
          nicolae_vaults_border_crossing, minmay_crypt_entry_simple_sparse,
          v_alt_pattern_1, vaults_room_octagon, vaults_room_door_ring,
          layout_vaults_ring
Vaults:4: nicolae_vaults_trapezoid_lopsided_1, nicolae_vaults_tangram_2,
          ontoclasm_vaults_fault, v_misc_29,
          nicolae_vaults_offset_grid_hallway_3, dpeg_vaults_hating_casters,
          v_pattern_5, v_alt_pattern_1, ontoclasm_vaults_gateway,
          ontoclasm_vaults_eye, vaults_dpeg_ring,
          nicolae_vaults_mini_display_case, layout_vaults_chaotic_city,
          uniq_aizul
Vaults:5
Crypt:1:  gammafunk_sealed_arena, layout_gridlike, st_stairs_13
Crypt:2:  gammafunk_its_a_trap, layout_misc_corridors
Crypt:3:  evilmike_haunted_forest
Depths:1: layout_cross, nicolae_hepliaklqana_hazy_memory,
          abyss_entry_small_statue_room, grunt_hell_entry_dis_old,
          hangedman_abyss_or_decor_stagger, grunt_decor_arrowhead,
          minmay_misc_feat_rows, hangedman_decor_opposing,
          nicolae_gozag_cash_rules_everything_around_me
Depths:2: minmay_quantized_circle, layout_basic, enter_ziggurat_b,
          grunt_pan_entry_in_and_out, serial_curves, eino_curves_01,
          eino_curves_03, eino_curves_02, hell_entry, st_stairs_2,
          infiniplex_staircase_zigzag_4, uniq_josephina, uniq_vv, uniq_mara
Depths:3: nicolae_cairo_tiling_large, layout_basic, grunt_mini_vestibule,
          abyss_entry, uniq_grunn, uniq_boris, uniq_enchantress
Depths:4: grunt_zot_entry_tricorne, layout_twisted_cross, lemuel_crystal_altar,
          pf_coc_iceberg
Zot:1:    layout_gridlike, ebering_ghost_xom
Zot:2:    layout_twisted_circle, grunt_ministairs_1
Zot:3:    nicolae_zot_draconian_monastery, layout_twisted_circle
Zot:4:    layout_concentric_octagons, hangedman_zot_gyre, lemuel_baited_zot_trap
Zot:5:    layout_misc_corridors

Skill      XL: |  1  2  3  4  5  6  7  8  9 10 11 12 13 14 15 16 17 18 19 20 21 22 23 24 25 26 27 |
---------------+----------------------------------------------------------------------------------+-----
Earth Magic    | 4 5 6 |  6.4
Stealth        | 3 |  3.5
Conjurations   | 1 2 4 5 7 8 10 11 13 14 15 17 19 20 | 20.0
Evocations     | 1 2 5 |  5.0
Spellcasting   | 3 4 5 6 7 9 10 11 12 13 | 13.5
Fighting       | 1 2 3 5 7 8 |  8.4
Ice Magic      | 2 3 6 7 9 10 | 10.2
Shields        | 1 5 7 8 11 13 15 17 18 19 | 19.4
Polearms       | 1 9 11 12 | 12.2
Transmutations | 1 |  1.2
Air Magic      | 1 3 4 5 |  5.1
Poison Magic   | 1 |  1.9
Armour         | 3 10 12 | 12.2
Fire Magic     | 6 8 9 10 12 16 17 | 17.9
Translocations | 3 |  3.5
Necromancy     | 4 8 9 |  9.9
Summonings     | 6 10 13 15 16 19 25 | 25.5
Dodging        | 6 10 | 10.1
Throwing       | |  0.4

Action                     |  1- 3 |  4- 6 |  7- 9 | 10-12 | 13-15 | 16-18 | 19-21 | 22-24 | 25-27 || total
---------------------------+-------+-------+-------+-------+-------+-------+-------+-------+-------++-------
  Melee: Spear             |       |       |       |    28 |   117 |    44 |    47 |   110 |    21 ||   367
         Punch             |       |       |       |       |     1 |       |       |       |       ||     1
         Hand axe          |       |       |       |       |       |       |    76 |       |       ||    76
         Trident           |       |       |       |       |       |       |    15 |       |   172 ||   187
   Fire: Sling             |    16 |    33 |     6 |       |       |       |       |       |       ||    55
  Throw: Dart              |       |       |    55 |    44 |     6 |     2 |    24 |       |     2 ||   133
         Boomerang         |       |       |     1 |     8 |    36 |     9 |     2 |       |       ||    56
         Javelin           |       |       |     1 |       |       |       |     3 |     1 |       ||     5
         Stone             |       |       |       |       |     9 |       |       |       |       ||     9
         Throwing net      |       |       |       |       |       |       |     2 |       |       ||     2
   Cast: Sandblast         |    50 |    45 |    21 |     9 |       |       |       |       |       ||   125
         Stone Arrow       |       |    11 |    77 |   156 |   272 |   363 |    92 |    53 |     8 ||  1032
         Mephitic Cloud    |       |       |     3 |    21 |    38 |     3 |     3 |       |     1 ||    69
         Hailstorm         |       |       |     1 |     4 |     4 |       |     2 |       |       ||    11
         Poisonous Vapours |       |       |       |    92 |   229 |     9 |    11 |     8 |       ||   349
         Freezing Cloud    |       |       |       |    47 |   209 |   208 |    55 |     6 |     2 ||   527
         Swiftness         |       |       |       |     2 |     7 |     3 |     5 |     2 |     7 ||    26
         Brom's Barrelling |       |       |       |       |    51 |     5 |     1 |       |       ||    57
         Passwall          |       |       |       |       |     1 |       |       |       |       ||     1
         Orb of Destructio |       |       |       |       |       |   168 |   266 |   323 |   247 ||  1004
         Blink             |       |       |       |       |       |     5 |    13 |    12 |     3 ||    33
         Lee's Rapid Decon |       |       |       |       |       |     3 |   230 |   248 |   196 ||   677
         Borgnjor's Vile C |       |       |       |       |       |       |   173 |    67 |   115 ||   355
         Spellforged Servi |       |       |       |       |       |       |    43 |   246 |   232 ||   521
         Ignition          |       |       |       |       |       |       |       |    43 |   116 ||   159
         Haunt             |       |       |       |       |       |       |       |       |     6 ||     6
         Dragon's Call     |       |       |       |       |       |       |       |       |     4 ||     4
 Invoke: Curse Item        |       |     2 |     4 |       |     2 |     2 |     3 |     3 |     3 ||    19
         Shatter the Chain |       |       |     1 |       |     1 |     1 |     4 |     2 |     3 ||    12
Ability: Evoke Blink       |       |       |       |       |       |       |       |     4 |     3 ||     7
  Evoke: Wand              |       |     2 |     7 |     5 |    30 |    52 |    33 |     2 |    38 ||   169
         Box of beasts     |       |       |       |       |       |       |     2 |     2 |     1 ||     5
         Condenser vane    |       |       |       |       |       |       |     1 |       |       ||     1
         Phantom mirror    |       |       |       |       |       |       |       |       |     1 ||     1
    Use: Scroll            |       |     5 |     3 |       |     7 |    12 |    19 |    11 |    18 ||    75
         Potion            |       |       |     1 |       |     8 |    17 |     8 |    15 |    38 ||    87
   Stab: Confused          |       |       |       |     1 |     3 |       |     1 |       |       ||     5
         Paralysed         |       |       |       |       |       |     1 |       |       |       ||     1
         Distracted        |       |       |       |       |       |       |       |       |     2 ||     2
 Armour: Robe              |     7 |     6 |     8 |    56 |   125 |   148 |   248 |   172 |     2 ||   772
         Ring mail         |       |       |       |       |       |       |       |       |   218 ||   218
         Acid dragon scale |       |       |       |       |       |       |       |       |    10 ||    10
  Dodge: Dodged            |     7 |     9 |     5 |    26 |    56 |    53 |    93 |    83 |   112 ||   444
  Block: Kite shield       |       |       |       |       |    91 |   158 |   259 |   155 |   114 ||   777
         Reflection        |       |       |       |       |       |       |     7 |    15 |    15 ||    37

Table legend: (Time is in decaauts)
 A = Elapsed time spent in this place.
 B = Non-inter-level travel time spent in this place.
 C = Inter-level travel time spent in this place.
 D = Time resting spent in this place.
 E = Time spent auto-exploring this place.
 F = Levels seen in this place.
 G = Mean time per level.
                   A        B        C        D        E       F      G
               +--------+--------+--------+--------+--------+-----+--------+
         Total | 111137 | 100801 |  10336 |  43782 |   5469 |  57 | 1949.8 |
       Dungeon |  27315 |  22764 |   4551 |   8653 |   1645 |  15 | 1821.0 |
          Lair |  13824 |  12638 |   1186 |   6850 |   1532 |   5 | 2764.8 |
         Swamp |   5286 |   5053 |    233 |   3072 |    112 |   4 | 1321.5 |
     Snake Pit |   8777 |   8285 |    492 |   4934 |    121 |   4 | 2194.2 |
    Slime Pits |   2376 |   2291 |     85 |    696 |    533 |   5 |  475.2 |
  Orcish Mines |   3568 |   3267 |    301 |   1687 |    140 |   2 | 1784.0 |
   Elven Halls |   5918 |   5307 |    611 |   2152 |    212 |   3 | 1972.7 |
        Vaults |  20285 |  18572 |   1713 |   8873 |    385 |   5 | 4057.0 |
         Crypt |   5682 |   5470 |    212 |   1555 |    119 |   3 | 1894.0 |
        Depths |   6881 |   6297 |    584 |   1932 |    230 |   4 | 1720.2 |
           Zot |   8384 |   8019 |    365 |   2164 |    423 |   5 | 1676.8 |
      Ice Cave |    165 |    165 |      0 |    105 |      0 |   1 |  165.0 |
    Desolation |   2671 |   2671 |      0 |   1106 |     17 |   1 | 2671.0 |
               +--------+--------+--------+--------+--------+-----+--------+

Top non-repeatable levels by time:
Vaults:1: 4662 daAuts
Vaults:4: 4550 daAuts
Vaults:2: 4159 daAuts
Vaults:3: 3969 daAuts
  Lair:5: 3683 daAuts
    D:13: 3335 daAuts
 Crypt:3: 3161 daAuts
  Lair:2: 3008 daAuts
Vaults:5: 2943 daAuts
 Snake:4: 2875 daAuts
  Lair:3: 2759 daAuts
 Snake:2: 2714 daAuts
Desolation: 2671 daAuts
     D:8: 2565 daAuts
   Elf:1: 2412 daAuts
